 Dungeon Crawl Stone Soup version 0.22-a0-284-g99d1f74 (webtiles) character file.

32 Amnesiac the Ducker (level 3, -2/19 HPs)
             Began as a Spriggan Fighter on Mar 21, 2018.
             Was an Initiate of Gozag.
             Slain by a goblin
             ... wielding a +0 dagger
             ... led by Robin
              (5 damage)
             ... on level 2 of the Dungeon.
             The game lasted 00:03:17 (1928 turns).

Amnesiac the Ducker (Spriggan Fighter)              Turns: 1928, Time: 00:03:17

Health: -2/19      AC:  2    Str: 13    XL:     3   Next: 8%
Magic:  4/4        EV: 19    Int:  9    God:    Gozag
Gold:   86         SH:  6    Dex: 15    Spells: 2/2 levels left

rFire    . . .     SeeInvis +   a - +0 long sword
rCold    . . .     Gourm    .   c - +0 buckler
rNeg     . . .     Faith    .   b - +0 robe
rPois    .         Spirit   .   (helmet restricted)
rElec    .         Reflect  .   (no cloak)
rCorr    .         Harm     .   (gloves unavailable)
MR       .....                  (boots unavailable)
Stlth    +.........             (no amulet)
HPRegen  0.06/turn              (no ring)
MPRegen  0.09/turn              (no ring)

@: gold aura, very quick
A: very small, unfitting armour, see invisible, herbivore, speed 3, slow
metabolism 2
a: Potion Petition, Call Merchant, Bribe Branch, Renounce Religion


You were on level 2 of the Dungeon.
You worshipped Gozag.
Gozag was noncommittal.
You were not hungry.

You visited 2 branches of the dungeon, and saw 5 of its levels.

You collected 125 gold pieces.
You paid 39 gold pieces to Gozag.

Inventory:

Hand Weapons
 a - a +0 long sword (weapon)
Missiles
 m - 19 stones (quivered)
Armour
 b - a +0 robe (worn)
 c - a +0 buckler (worn)
Scrolls
 e - 2 scrolls of remove curse {!r, unknown}
 g - 2 scrolls of identify {!r, unknown}
 h - a scroll of blinking {!r, unknown}
 k - 2 scrolls of teleportation {!r, unknown}
 l - a scroll of enchant armour {!r, unknown}
Potions
 d - a potion of might {!q}
 i - 2 potions of berserk rage {!q, unknown}
 j - a potion of heal wounds {!q, unknown}
Comestibles
 f - 2 rations


   Skills:
 + Level 2.6 Fighting
 * Level 2.2 Long Blades
 + Level 4.8 Dodging
 + Level 2.3 Shields


You had 2 spell levels left.
You didn't know any spells.

Dungeon Overview and Level Annotations

Branches:
Dungeon (4/15)             Temple (1/1) D:4

Altars:
Ashenzari
Cheibriados
Fedhas
Gozag
Kikubaaqudgha
Nemelex Xobeh
Qazlal
Sif Muna
Trog
Vehumet
Wu Jian
Yredelemnul
Zin

Annotations:
D:2 Robin
D:4 matakusis's ghost, weakling DESu


Innate Abilities, Weirdness & Mutations

You are very small and have problems with some larger weapons.
You are too small for most types of armour.
You have supernaturally acute eyesight. (SInv)
You are a herbivore.
You cover ground extremely quickly.
You need to consume almost no food.


Message History

Robin throws the goblin at you!
There are monsters nearby!
You slash the hobgoblin!
You kill the hobgoblin!
The goblin completely misses you. The goblin hits you but does no damage.
The hobgoblin is distracted by the nearby gold.
The goblin misses you. x2
The hobgoblin is no longer distracted by gold.
The goblin is distracted by the nearby gold.
You see here a dagger.
You swing at nothing.
You swing at nothing.
You swing at nothing.
You hit the goblin.
You kill the goblin!
You hit the goblin.
The goblin is heavily wounded.
The goblin barely misses you.
You riposte.
You slash the goblin!
You kill the goblin!
You hit the goblin.
You kill the goblin!
You have reached level 3!
Your experience leads to an increase in your attributes!
Increase (S)trength, (I)ntelligence, or (D)exterity?
You feel stronger.
You closely miss the goblin. The goblin completely misses you.
You hit the goblin.
You kill the goblin!
The goblin is distracted by the nearby gold.
You swing at nothing.
You swing at nothing.
Items here: $ ))) 29 gold pieces; a dagger; a club x2
You slash the goblin!
You kill the goblin!
Robin is distracted by the nearby gold.
You closely miss the hobgoblin. You block the hobgoblin's attack.
The hobgoblin misses you.
Robin shouts!
The goblin shouts!
You hit the hobgoblin but do no damage.
Robin is no longer distracted by gold.
The goblin is distracted by the nearby gold.
The hobgoblin hits you with a club.
* * * LOW HITPOINT WARNING * * *
The goblin shouts!
You hit the hobgoblin.
The hobgoblin is heavily wounded.
Robin roars a battlecry!
The goblins go into a battle-frenzy!
You slash the hobgoblin!
You kill the hobgoblin!
The goblin is no longer distracted by gold.
Robin flexes a bicep menacingly.
Robin throws the goblin at you!
* * * LOW HITPOINT WARNING * * *
You hit the goblin.
The goblin is severely wounded.
The goblin hits you with a dagger.
* * * LOW HITPOINT WARNING * * *
The goblin misses you.
You closely miss the goblin.
The goblin is severely wounded.
The goblin hits you with a dagger.
You die...
Your body crumbles into a pile of gold.

###########
#.........#
#.#######.#### #.#
#....## ##.#
#####.....# .#.#
#.........# .#.#
#.###.....###########
...###.#
#.....g@..g.g.$$#
.......#
#.....#########$#
..............## #.#
.#.#########.## #g#
...# #.# #g# #..# #.#
#######)## #..# #+
#........# #..# ...
#.#####..## ...# ....
#.#.......#


You could see Robin and 2 goblins.

Vanquished Creatures
  2 dart slugs
  A leopard gecko (D:3)
  5 bats
  8 goblins
  4 hobgoblins
  A kobold (D:1)
  A ball python (D:1)
  A frilled lizard (D:3)
  2 rats
25 creatures vanquished.

Notes
Turn   | Place    | Note
-------+----------+-------------------------------------------
     0 | D:1      | Amnesiac the Spriggan Fighter began the quest for the Orb.
     0 | D:1      | Reached XP level 1. HP: 11/11 MP: 2/2
   183 | D:4      | Found a staircase to the Ecumenical Temple.
   192 | Temple   | Entered the Ecumenical Temple
   230 | D:4      | Noticed matakusis's ghost (weakling DESu)
   239 | D:4      | Noticed an iron imp
   788 | D:1      | Reached XP level 2. HP: 16/16 MP: 3/3
  1007 | D:4      | Noticed a crimson imp
  1024 | Temple   | Became a worshipper of Gozag Ym Sagoz the Greedy
  1153 | D:4      | Noticed a crimson imp
  1884 | D:2      | Noticed Robin
  1909 | D:2      | Reached XP level 3. HP: 11/19 MP: 4/4
  1928 | D:2      | Slain by a goblin

Vault maps used:
D:1:      minmay_arrival_widening_spiral_narrow
D:2:      chequers_ecumenical_altar_simple, uniq_robin, uniq_natasha
D:3:      nicolae_ru_path_of_blood, kennysheep_cluttered_room,
          minmay_misc_feat_tiny
D:4:      gammafunk_wand_slinger, minmay_temple_entry_statues_fountains
Temple:   grunt_wide_crystal_templ

Skill      XL: |  1  2 |
---------------+-------+-----
Long Blades    | 2 |  2.2
Fighting       | |  2.6
Dodging        | |  4.8
Shields        | |  2.3

Action                   || total
-------------------------++-------
Melee: Long sword        ||    51
Armor: Robe              ||     6
Dodge: Dodged            ||    54
Block: Buckler           ||    17
       Rpst.: Long sword ||    18

Table legend:
 A = Spawn XP
 B = Non-spawn XP
 C = Spawn XP percentage of total XP
 D = Spawn monster count
 E = Non-spawn monster count
 F = Spawn count percentage of total count
 G = Total turns spent on level
                    A         B        C        D         E        F      G
               +---------+---------+-------+---------+---------+-------+---------
         Total |       0 |      46 |   0.0 |       0 |      25 |   0.0 |  1928
               +---------+---------+-------+---------+---------+-------+---------
           D:1 |       0 |      16 |   0.0 |       0 |       9 |   0.0 |   884
           D:2 |       0 |      19 |   0.0 |       0 |      11 |   0.0 |   539
           D:3 |       0 |      11 |   0.0 |       0 |       5 |   0.0 |   228
               +---------+---------+-------+---------+---------+-------+---------
